 Dungeon Crawl Stone Soup version 0.32-a0-607-g64ea0e4219 (webtiles) character file.

Game seed: 14671269216005804645

218 ytrimaz the Trooper (level 5, -11/43 HPs)
             Began as a Coglin Gladiator on Mar 4, 2024.
             Killed by nerve-wracking pain
             ... invoked by Grinder
              (13 damage)
             ... on level 3 of the Dungeon.
             The game lasted 00:04:12 (2142 turns).

ytrimaz the Trooper (Coglin Gladiator)              Turns: 2142, Time: 00:04:12

Health: -11/43     AC: 10    Str: 16    XL:     5   Next: 95%
Magic:  5/5        EV: 11    Int:  8    God:
Gold:   207        SH:  0    Dex: 15    Spells: 4/4 levels left

rFire   + . .        n - +0 hammer (drain) {Sachi}
rCold   + . .        b - +1 hammer (venom) {Ammiditana}
rNeg    . . .        l - +3 ring mail
rPois   +            c - +0 helmet
rElec   +            o - +0 cloak
rCorr   +            (no gloves)
SInv    .            (no boots)
Will    .....        (amulet unavailable)
Stlth   +            (ring unavailable)
HPRegen 0.27/turn    (ring unavailable)
MPRegen 0.09/turn    (no gizmo)

%: no passive effects
@: mighty, brilliant, resistant, revved
A: off-hand wielding, slow wielding, warmup strikes, no jewellery
a: Invent Gizmo


You were on level 3 of the Dungeon.
You visited 1 branch of the dungeon, and saw 3 of its levels.

You collected 207 gold pieces.


Innate Abilities, Weirdness & Mutations

You can wield a second weapon in your off-hand.
It takes a long time for you to wield or remove held weapons.
Your first few attacks do less damage.
You cannot equip rings or amulets.


   Skills:
 + Level 4.4 Fighting
 - Level 3.6(4.2) Axes
 + Level 2.8(3.6) Maces & Flails
 - Level 1.7 Throwing
 - Level 2.6 Dodging


You had 4 spell levels left.
You didn't know any spells.
Your spell library was empty.

Inventory:

Hand Weapons
 a - a +1 war axe {Arun}
 b - a +1 hammer of venom (offhand) {Ammiditana}
   (You found it on level 2 of the Dungeon)
 m - a +2 hammer of protection
   (You found it on level 2 of the Dungeon)
 n - a +0 hammer of draining (weapon) {Sachi}
   (You found it on level 2 of the Dungeon)
 u - the +3 mace "Ogrebane" {venom, rPois rF- Int+3}
   (You found it on level 3 of the Dungeon)

   Int+3:     It affects your intelligence (+3).
   rF-:       It makes you vulnerable to fire.
   rPois:     It protects you from poison.
Missiles
 d - 3 throwing nets (quivered)
 e - a javelin
Armour
 c - a +0 helmet (worn)
 l - a +3 ring mail (worn)
   (You found it on level 2 of the Dungeon)
 o - a +0 cloak (worn)
   (You took it off Crazy Yiuf on level 2 of the Dungeon)
Wands
 g - a wand of polymorph (9)
   (You took it off Ijyb on level 3 of the Dungeon)
Scrolls
 h - a scroll of identify
Potions
 f - a potion of brilliance
 r - a potion of might
 s - a potion of mutation
 t - a potion of haste

Dungeon Overview and Level Annotations

Branches:
Dungeon (3/15) Zot: 15827

Altars:

Annotations:
D:3 Grinder

~..~..~~# #.# #.# ##.## #
~..~..~~# #.# ##.#######.# .#
⌠.~...~~# #.###..........###.#
..~..~~~# #..................#
.~.)~~~## #.###..#####.....###
.~..~.## #.# #..#.........#
..~~..# #.###.....##.....##
......# #..[..............#
.......#####.###@.....##.###.#
.########....#
#5)#.##.#.###.#### ##
#.######<).......#....... #
#.# #.)...#=##.###.#.#### #.#
#)###..........#.# #.# #.#
##............# ## #.#♣..♣
##.÷###.PP.P♣P#
.########.♣♣P.P #....P.P♣♣.♣♣.
#........♣♣P..P♣ #......♣♣♣♣♣


PP You could see Grinder.


Message History

You hit the endoplasm with your +1 hammer of venom.
You barely miss the endoplasm with your +0 hammer of draining.
The endoplasm hits you but does no damage.
An endoplasm is nearby!
You hit the endoplasm with your +1 hammer of venom.
You kill the endoplasm!
Unknown command.
No target in view! 😕 HP[+1]
There is an escape hatch in the floor here.
Key pressed, stopping explore.
Found a stone staircase leading down. 😎 HP[+2]
Your hp is fully restored (43).
There is a stone staircase leading down here.
You now have 190 gold pieces (gained 3).
Key pressed, stopping explore.
You now have 207 gold pieces (gained 17).
Key pressed, stopping explore.
You see here a +0 leather armour.
Grinder comes into view.
Grinder shouts!
Grinder gestures at you.
You suddenly lose the ability to move!
You can move again.
You see here a +0 leather armour.
Unknown command.
You see here a +0 leather armour.
You hit Grinder but do no damage.
You sock Grinder with your +0 hammer of draining!
Grinder gestures at you. Pain shoots through your body!
Grinder hits you but does no damage. 😕 HP[-1]
You take 1 damage, and now have 42/43 hp.
You hit Grinder with your +1 hammer of venom.
You closely miss Grinder with your +0 hammer of draining.
Grinder blinks!
Unknown command.
Grinder hits you!
You writhe in agony. 😮 HP[-14]
You take 14 damage, and now have 28/43 hp.
MASSIVE DAMAGE!! (PAUSE) Grinder hits you.
You writhe in agony.
* * * LOW HITPOINT WARNING * * *
😨 HP[-10]
You take 10 damage, and now have 18/43 hp.
MASSIVE DAMAGE!! (PAUSE) Grinder barely misses you.
Unknown command.
You completely miss Grinder with your +0 hammer of draining.
You barely miss Grinder with your +1 hammer of venom.
Grinder blinks!
Grinder says, "Wait up." 😨 HP[+1] Unknown command.
It was a potion of brilliance.
You feel clever all of a sudden.
It was a potion of resistance.
You feel protected.
You feel very mighty all of a sudden. Grinder hits you.
* * * LOW HITPOINT WARNING * * *
You writhe in agony.
* * * LOW HITPOINT WARNING * * *
😨 HP[-6]
You take 6 damage, and now have 13/43 hp.
Unknown command.
You closely miss Grinder with your +0 hammer of draining.
You barely miss Grinder with your +1 hammer of venom.
Grinder closely misses you. 😨 HP[+1]
You sock Grinder with your +1 hammer of venom!
You sock Grinder with your +0 hammer of draining!
Grinder hits you.
* * * LOW HITPOINT WARNING * * *
You writhe in agony.
* * * LOW HITPOINT WARNING * * *
Grinder hits you.
* * * LOW HITPOINT WARNING * * *
You writhe in agony.
* * * LOW HITPOINT WARNING * * *
Unknown command. 😱 HP[-13]
You take 13 damage, and now have 1/43 hp.
MASSIVE DAMAGE!! (PAUSE)
You closely miss Grinder with your +0 hammer of draining.
You closely miss Grinder with your +1 hammer of venom.
Grinder gestures at you.
You suddenly lose the ability to move!
Grinder gestures at you.
You barely resist.
You can move again. 😱 HP[+1] Unknown command.
You closely miss Grinder with your +1 hammer of venom.
You hit Grinder with your +0 hammer of draining.
Grinder gestures at you. Pain shoots through your body!
You die...
Grinder says, "Hey, I wasn't done torturing you yet!"

Skill      XL: |  1  2  3  4  5 |
---------------+----------------+-----
Fighting       | 3 4 |  4.4
Maces & Flails | 1 2 |  2.8
Axes           | |  3.6
Throwing       | |  1.7
Dodging        | |  2.6

Action                     |  1- 3 |  4- 6 || total
---------------------------+-------+-------++-------
  Melee: War axe           |    48 |       ||    48
         Dagger            |    38 |       ||    38
         Mace              |    15 |   121 ||   136
    Use: Scroll            |       |    10 ||    10
         Potion            |       |     3 ||     3
   Stab: Sleeping          |     1 |       ||     1
 Armour: Leather armour    |    27 |       ||    27
         Ring mail         |     8 |    50 ||    58
  Dodge: Dodged            |    33 |    33 ||    66

Levels and vault maps discovered:
D:1:      dpeg_arrival_shrine, layout_loops_ring,
          chequers_serial_rivers_micro_d, nicolae_titane
D:2:      layout_loops_ring, minmay_small_reverse_x, uniq_crazy_yiuf_cottage
D:3:      cheibrodos_helix_gallery, layout_loops_ring, serial_forest,
          infiniplex_forest_clump_large, infiniplex_forest_end_2,
          infiniplex_forest_lined_3, infiniplex_forest_clump_C,
          infiniplex_forest_end_1, uniq_grinder, uniq_ijyb

Notes
Turn   | Place    | Note
-------+----------+-------------------------------------------
     0 | D:1      | ytrimaz the Coglin Gladiator began the quest for the Orb.
     0 | D:1      | Reached XP level 1. HP: 16/16 MP: 1/1
     0 | D:1      | magus.rc [v1.9.6]
    52 | D:1      | Reached XP level 2. HP: 23/23 MP: 2/2
   580 | D:1      | Reached XP level 3. HP: 26/28 MP: 3/3
   983 | D:2      | Found a runed translucent door.
   984 | D:2      | Noticed Crazy Yiuf
  1009 | D:2      | Killed Crazy Yiuf
  1010 | D:2      | Reached skill level 3 in Fighting
  1010 | D:2      | Reached skill level 1 in Maces & Flails
  1079 | D:2      | Reached XP level 4. HP: 33/35 MP: 4/4
  1561 | D:3      | Noticed Ijyb
  1578 | D:3      | Reached skill level 2 in Maces & Flails
  1578 | D:3      | Reached XP level 5. HP: 16/42 MP: 5/5
  1583 | D:3      | Reached skill level 4 in Fighting
  1587 | D:3      | Killed Ijyb
  1809 | D:3      | Identified the +3 mace "Ogrebane" {venom, rPois rF- Int+3}
  2121 | D:3      | Noticed Grinder
  2121 | D:3      | Paralysed by Grinder for 3 turns
  2139 | D:3      | HP: 10/43 [Grinder (4)]
  2139 | D:3      | HP: 2/43 [Grinder (6)]
  2140 | D:3      | Paralysed by Grinder for 2 turns
  2142 | D:3      | Killed from afar by Grinder

Vanquished Creatures
  A bombardier beetle (D:3)
  Crazy Yiuf (D:2)
  Ijyb (D:3)
  An orc wizard (D:3)
  4 adders
  A dart slug (D:1)
  A ribbon worm (D:3)
  2 orcs (D:3)
  6 endoplasms
  5 giant cockroaches
  6 goblins
  4 hobgoblins
  6 jackals
  7 kobolds
  4 ball pythons
  3 bats
  4 frilled lizards
  7 rats
64 creatures vanquished.

Vanquished Creatures (collateral kills)
  A ball python (D:3)
1 creature vanquished.

Grand Total: 65 creatures vanquished

Table legend:
 A = Non-vault XP
 B = Vault XP
 C = Vault XP percentage of total XP
 D = Non-vault monster count
 E = Vault monster count
 F = Vault count percentage of total count
                 A         B        C        D         E       F
            +---------+---------+-------+---------+---------+-------
      Total |     228 |      84 |  26.9 |      57 |       8 |  12.3
            +---------+---------+-------+---------+---------+-------
        D:1 |      37 |       0 |   0.0 |      22 |       0 |   0.0
        D:2 |      45 |      45 |  50.0 |      13 |       5 |  27.8
        D:3 |     146 |      39 |  21.1 |      22 |       3 |  12.0
            +---------+---------+-------+---------+---------+-------

Skill      XL: |  1  2  3  4  5 |
---------------+----------------+-----
Fighting       | 3 4 |  4.4
Maces & Flails | 1 2 |  2.8
Axes           | |  3.6
Throwing       | |  1.7
Dodging        | |  2.6

Action                     |  1- 3 |  4- 6 || total
---------------------------+-------+-------++-------
  Melee: War axe           |    48 |       ||    48
         Dagger            |    38 |       ||    38
         Mace              |    15 |   121 ||   136
    Use: Scroll            |       |    10 ||    10
         Potion            |       |     3 ||     3
   Stab: Sleeping          |     1 |       ||     1
 Armour: Leather armour    |    27 |       ||    27
         Ring mail         |     8 |    50 ||    58
  Dodge: Dodged            |    33 |    33 ||    66

Illustrated notes

Table legend:
 A = Kills in this place as a percentage of kills in the entire game.
 B = Kills by you in this place as a percentage of kills by you in the entire game.
 C = Kills by friends in this place as a percentage of kills by friends in the entire game.
 D = Other kills in this place as a percentage of other kills in the entire game.
 E = Experience gained in this place as a percentage of experience gained in the entire game.
 F = Experience gained in this place divided by the number of levels of this place that you have seen.
                   A       B       C       D       E      F
               +-------+-------+-------+-------+-------+----------------------
         Total | 100.0 | 100.0 | 100.0 |   N/A | 100.0 | 104.0
       Dungeon | 100.0 | 100.0 | 100.0 |   N/A | 100.0 | 104.0
               +-------+-------+-------+-------+-------+----------------------

Table legend: (Time is in decaauts)
 A = Elapsed time spent in this place.
 B = Non-inter-level travel time spent in this place.
 C = Inter-level travel time spent in this place.
 D = Time resting spent in this place.
 E = Time spent auto-exploring this place.
 F = Levels seen in this place.
 G = Mean time per level.
                   A        B        C        D        E       F      G
               +--------+--------+--------+--------+--------+-----+--------+
         Total |   2171 |   2124 |     47 |      0 |   1641 |   3 |  723.7 |
       Dungeon |   2171 |   2124 |     47 |      0 |   1641 |   3 |  723.7 |
               +--------+--------+--------+--------+--------+-----+--------+

Top non-repeatable levels by time:
     D:1: 882 daAuts
     D:2: 692 daAuts
     D:3: 595 daAuts
